 Dungeon Crawl Stone Soup version 0.26-a0-639-g72c4674329 (webtiles) character file.

Game seed: 3312692448233314413

4043 Flugslaktarn the Cleaver (level 10, -10/94 HPs)
             Began as a Deep Dwarf Fighter on Sept 28, 2020.
             Was a Believer of Makhleb.
             Mangled by a two-headed ogre
             ... wielding a cursed +0 giant club
              (13 damage)
             ... on level 8 of the Dungeon.
             The game lasted 00:02:34 (3672 turns).

Flugslaktarn the Cleaver (Deep Dwarf Fighter)       Turns: 3672, Time: 00:02:34

Health: -10/94     AC: 10    Str: 21    XL:     10   Next: 4%
Magic:  11/11      EV:  8    Int:  8    God:    Makhleb [**....]
Gold:   150        SH: 11    Dex: 15    Spells: 9/9 levels left

rFire    . . .     SeeInvis .   u - +5 war axe (curse)
rCold    . . .     Faith    .   c - +0 kite shield
rNeg     . . .     Spirit   .   b - +0 scale mail
rPois    .         Reflect  .   a - +0 helmet
rElec    .         Harm     .   s - +0 cloak
rCorr    .         Rampage  .   (no gloves)
MR       +....     Rnd*Tele +   (no boots)
Stlth    ..........             (no amulet)
HPRegen  0.00/turn              x - ring of teleportation (curse)
MPRegen  0.12/turn              (no ring)

@: non-regenerating
A: damage resistance, heal wounds, sense surroundings 2, no regeneration
a: Heal Wounds, Minor Destruction, Renounce Religion


You were on level 8 of the Dungeon.
You worshipped Makhleb.
Makhleb was pleased with you.
You visited 2 branches of the dungeon, and saw 9 of its levels.

You collected 150 gold pieces.

Inventory:

Hand Weapons
 u - a cursed +5 war axe (weapon)
   (You took it off a wight on level 6 of the Dungeon)
Armour
 a - a +0 helmet (worn)
   (You found it on level 6 of the Dungeon)
 b - a +0 scale mail (worn)
 c - a +0 kite shield (worn)
 s - a +0 cloak (worn)
   (You took it off Crazy Yiuf on level 5 of the Dungeon)
Jewellery
 x - a cursed ring of teleportation (left hand)
   (You found it on level 7 of the Dungeon)
Wands
 o - a wand of iceblast (5)
   (You found it on level 5 of the Dungeon)
Scrolls
 e - 3 scrolls of enchant armour {unknown}
 f - 2 scrolls of teleportation {unknown}
 h - a scroll of enchant weapon {unknown}
 i - a scroll of amnesia {unknown}
 j - 5 scrolls of remove curse {unknown}
 l - 6 scrolls of identify {unknown}
 n - a scroll of vulnerability {unknown}
 t - 2 scrolls of magic mapping {unknown}
 v - 3 scrolls of noise {unknown}
 y - 2 scrolls of brand weapon {unknown}
 z - a scroll of acquirement {unknown}
Potions
 d - a potion of might
 g - 4 potions of curing
 k - a potion of stabbing {unknown}
 m - 2 potions of heal wounds {unknown}
 p - a potion of haste {unknown}
 q - 2 potions of berserk rage {unknown}
 r - 2 potions of flight {unknown}
 w - a potion of degeneration {unknown}


   Skills:
 * Level 7.6 Fighting
 * Level 8.8 Axes
 + Level 6.8 Armour
 + Level 6.8 Shields
 + Level 6.0 Invocations
 + Level 3.8 Evocations


You had 9 spell levels left.
You didn't know any spells.
Your spell library was empty.

Dungeon Overview and Level Annotations

Branches:
Dungeon (8/15)             Temple (1/1) D:4
   Lair: D:8-11

Altars:
Ashenzari
Cheibriados
Elyvilon
Fedhas
Gozag
Hepliaklqana
Kikubaaqudgha
Makhleb
Nemelex Xobeh
Okawaru
Qazlal
Sif Muna
Trog
Uskayaw
Wu Jian
Xom
Zin

Shops:
D:5 }


Innate Abilities, Weirdness & Mutations

You are resistant to damage.
You can heal yourself by infusing magical energy.
You passively map the area around you.
You do not regenerate.


Message History

* * * LOW HITPOINT WARNING * * *
The two-headed ogre hits you with a +0 giant club!!
* * * LOW HITPOINT WARNING * * *
You are too injured to fight recklessly!
You are too injured to fight recklessly!
You are too injured to fight recklessly!
You are too injured to fight recklessly!
You are too injured to fight recklessly!
You are too injured to fight recklessly!
You are too injured to fight recklessly!
You are too injured to fight recklessly!
You are too injured to fight recklessly!
You are too injured to fight recklessly!
You are too injured to fight recklessly!
You are too injured to fight recklessly!
You are too injured to fight recklessly!
You see here 15 gold pieces.
You block the two-headed ogre's attack.
The two-headed ogre hits you with a +0 giant club!
You die...

...........##.........#
, ,
#.####......#..(.....#*,
, , ,
#.####...............# ,
.....................##
, ,
...###..........$.....#
, ,
....##................#.
..............>.........
,
..........##....O...#...
*
.>........#.....@.###...
* ..........##......# ..
* ..........#.......# ,,
***
#..............#....., ,
, #.##...#.......##..#.
* .. #...#.###...# .##*#
, . ........ #...#,.# ,,
......####........,,, ,,
...... :...##. , ,


You could see a two-headed ogre.

Vanquished Creatures
  Pikel (D:8)
  A hippogriff (D:7)
  A sky beast (D:7)
  An ice beast (D:5)
  2 black bears
  An orc warrior (D:7)
  3 phantoms
  4 ogres
  5 centaurs
  A lemure (D:8)
  8 bullfrogs
  2 scorpions
  5 wights (D:6)
  A howler monkey (D:4)
  2 jellies
  An orc priest (D:5)
  A gnoll shaman (D:8)
  8 hounds
  Crazy Yiuf (D:5)
  2 bullfrog skeletons (D:4)
  3 iguanas
  6 orc wizards
  Natasha (D:3)
  9 worker ants
  3 adders
  6 gnolls
  A shadow imp (D:7)
  2 white imps
  An ufetubus (D:6)
  4 worms
  A dart slug (D:1)
  3 leopard geckos
  9 orcs
  A bat (D:3)
  3 giant cockroaches
  2 goblins (D:2)
  2 hobgoblins
  3 jackals
  3 quokkas
  2 frilled lizards
  A leopard gecko skeleton (D:4)
  5 rats
122 creatures vanquished.

Vanquished Creatures (others)
  5 plants (D:4)
5 creatures vanquished.

Grand Total: 127 creatures vanquished

Notes
Turn   | Place    | Note
-------+----------+-------------------------------------------
     0 | D:1      | Flugslaktarn the Deep Dwarf Fighter began the quest for the
                  | Orb.
     0 | D:1      | Reached XP level 1. HP: 20/20 MP: 1/1
   166 | D:1      | Reached XP level 2. HP: 16/27 MP: 2/2
   312 | D:2      | Reached XP level 3. HP: 30/34 MP: 3/3
   379 | D:3      | Reached skill level 3 in Axes
   386 | D:3      | Reached XP level 4. HP: 15/42 MP: 4/4
   454 | D:3      | Noticed Natasha
   462 | D:3      | Killed Natasha
   462 | D:3      | Reached XP level 5. HP: 41/50 MP: 4/4
   619 | D:4      | Found a blossoming altar of Fedhas.
   624 | D:4      | Reached skill level 4 in Axes
   798 | D:4      | Found a staircase to the Ecumenical Temple.
   813 | Temple   | Entered the Ecumenical Temple
  1036 | Temple   | Became a worshipper of Makhleb the Destroyer
  1058 | D:4      | Noticed an ogre
  1064 | D:4      | Killed an ogre
  1064 | D:4      | Reached XP level 6. HP: 57/57 MP: 5/5
  1128 | D:4      | Reached skill level 1 in Invocations
  1326 | D:4      | Found a white marble altar of Elyvilon.
  1658 | D:5      | Entered Level 5 of the Dungeon
  1670 | D:5      | Found Jovoed's Gadget Emporium.
  1724 | D:5      | Reached skill level 5 in Axes
  1724 | D:5      | Reached XP level 7. HP: 36/66 MP: 6/6
  1780 | D:5      | Found a hazy altar of Hepliaklqana.
  1806 | D:5      | Found a runed translucent door.
  1807 | D:5      | Noticed Crazy Yiuf
  2183 | D:5      | Reached skill level 5 in Fighting
  2261 | D:5      | Killed Crazy Yiuf
  2261 | D:5      | Reached skill level 5 in Shields
  2325 | D:6      | Reached skill level 5 in Armour
  2347 | D:6      | Reached skill level 6 in Axes
  2446 | D:6      | Reached XP level 8. HP: 69/75 MP: 7/7
  2544 | D:6      | Reached * piety under Makhleb
  2567 | D:6      | Found an ancient bone altar of Kikubaaqudgha.
  2567 | D:6      | Found a bloodstained altar of Trog.
  2781 | D:6      | Found a shattered altar of Ashenzari.
  2781 | D:6      | Found a snail-covered altar of Cheibriados.
  2879 | D:6      | Reached skill level 7 in Axes
  3014 | D:7      | Noticed a hippogriff
  3027 | D:7      | Killed a hippogriff
  3027 | D:7      | Reached skill level 1 in Evocations
  3027 | D:7      | Gained mutation: You passively map the area around you.
                  | [Deep Dwarf growth]
  3027 | D:7      | Reached XP level 9. HP: 63/85 MP: 9/9
  3112 | D:7      | Reached ** piety under Makhleb
  3112 | D:7      | Reached skill level 5 in Invocations
  3135 | D:7      | Found a shimmering blue altar of Sif Muna.
  3266 | D:7      | Reached skill level 8 in Axes
  3552 | D:8      | Noticed Pikel
  3569 | D:8      | Killed Pikel
  3622 | D:8      | Reached XP level 10. HP: 89/94 MP: 11/11
  3658 | D:8      | Noticed a two-headed ogre
  3666 | D:8      | HP: 3/94 [two-headed ogre/cursed +0 giant club (18)]
  3672 | D:8      | Mangled by a two-headed ogre

Illustrated notes

Levels and vault maps discovered:
D:1:      lightli_arrival_boilingwater, layout_loops_ring, grunt_decor_arrowhead
D:2:      layout_loops_cross
D:3:      layout_loops_corners, old_standard_altar, grunt_dithmenos_smoke,
          chequers_mini_garden, uniq_natasha
D:4:      layout_loops_ring, kennysheep_little_box, overflow_temple_1_default,
          minmay_temple_entry_glassed_door, serial_bayou, serial_bayou_lagoon_a,
          serial_bayou_shore_b, serial_bayou_shore_b, serial_bayou_lake_a
D:5:      layout_rooms, lemuel_crystal_altar, serial_shops, shop,
          uniq_crazy_yiuf_cottage
D:6:      layout_loops_ring, chequers_temple_overflow_statue_of_worship,
          minmay_manual_monstrance
D:7:      layout_cave_pools, lemuel_crystal_altar
D:8:      layout_cave_pools, serial_gnoll_camp, gnoll_camp_mini_basic,
          grums_kennel, gnoll_camp_mini_house, gnoll_camp_mini_house, uniq_pikel
Temple:   compressed_dpeg_triangle_lava_temple

Skill      XL: |  1  2  3  4  5  6  7  8  9 |
---------------+----------------------------+-----
Fighting       | 3 4 5 6 7 |  7.6
Axes           | 3 4 5 6 7 8 |  8.8
Armour         | 4 5 6 |  6.8
Shields        | 4 5 6 |  6.8
Invocations    | 1 3 4 6 |  6.0
Evocations     | 1 3 |  3.8

Action                   |  1- 3 |  4- 6 |  7- 9 | 10-12 || total
-------------------------+-------+-------+-------+-------++-------
Melee: War axe           |    76 |   106 |   284 |    13 ||   479
 Abil: Heal Wounds       |     1 |     5 |     8 |       ||    14
Armor: Scale mail        |    35 |    28 |   125 |     4 ||   192
Dodge: Dodged            |    23 |    35 |   103 |     2 ||   163
Block: Kite shield       |    39 |    51 |   171 |    12 ||   273

Table legend: (Time is in decaauts)
 A = Elapsed time spent in this place.
 B = Non-inter-level travel time spent in this place.
 C = Inter-level travel time spent in this place.
 D = Time resting spent in this place.
 E = Time spent auto-exploring this place.
 F = Levels seen in this place.
 G = Mean time per level.
                   A        B        C        D        E       F      G
               +--------+--------+--------+--------+--------+-----+--------+
         Total |   3885 |   3710 |    175 |      0 |   2726 |   9 |  431.7 |
       Dungeon |   3654 |   3495 |    159 |      0 |   2513 |   8 |  456.8 |
        Temple |    230 |    215 |     15 |      0 |    213 |   1 |  230.0 |
               +--------+--------+--------+--------+--------+-----+--------+

Top non-repeatable levels by time:
     D:4: 964 daAuts
     D:6: 690 daAuts
     D:5: 673 daAuts
     D:7: 567 daAuts
     D:3: 240 daAuts
  Temple: 230 daAuts
     D:1: 185 daAuts
     D:2: 175 daAuts
     D:8: 158 daAuts
